 Dungeon Crawl Stone Soup version 0.30-a0-242-g7bf8e6d787 (webtiles) character file.

Game seed: 14071897269369478383

125 purpskrrrp the Ruffian (level 4, -3/45 HPs)
             Began as a Troll Fighter on Oct 11, 2022.
             Killed by divine providence
             ... invoked by an orc priest
              (15 damage)
             ... on level 3 of the Dungeon.
             The game lasted 00:02:42 (1657 turns).

purpskrrrp the Ruffian (Troll Fighter)              Turns: 1657, Time: 00:02:45

Health: -3/45      AC:  4    Str: 26    XL:     4   Next: 82%
Magic:  3/3        EV:  8    Int:  4    God:
Gold:   129        SH:  7    Dex:  9    Spells: 3/3 levels left

rFire   . . .      SeeInvis +      - Unarmed
rCold   . . .      Faith    .    b - +0 kite shield
rNeg    . . .      Spirit   .    a - +0 robe
rPois   .          Reflect  .    (helmet restricted)
rElec   .          Harm     .    (no cloak)
rCorr   .          Rampage  .    (gloves unavailable)
Will    .....                    (boots unavailable)
Stlth   +.........               (no amulet)
HPRegen 1.07/turn                o - +4 ring of slaying
MPRegen 0.08/turn                i - ring of see invisible

@: no status effects
A: large, unfitting armour, claws 3, regeneration 1, shaggy fur 1, tough skin 1
a: no special abilities


You were on level 3 of the Dungeon.
You visited 1 branch of the dungeon, and saw 3 of its levels.

You collected 129 gold pieces.

Inventory:

Armour
 a - a +0 robe (worn)
 b - a +0 kite shield (worn)
Jewellery
 f - a ring of wizardry
 i - a ring of see invisible (right claw)
 o - a +4 ring of slaying (left claw)
Scrolls
 d - a scroll of amnesia
 g - a scroll of teleportation
 k - a scroll of noise {unknown}
 l - a scroll of identify {unknown}
 m - 3 scrolls of magic mapping {unknown}
Potions
 c - a potion of might
 e - a potion of ambrosia {unknown}
 h - 3 potions of curing {unknown}
 j - a potion of heal wounds {unknown}
 n - a potion of degeneration {unknown}


   Skills:
 + Level 3.0 Fighting
 + Level 3.0 Dodging
 + Level 3.3 Shields
 * Level 3.5 Unarmed Combat


You had 3 spell levels left.
You didn't know any spells.
Your spell library contained the following spells:

 Spells                   Type           Power      Damage    Failure   Level
 Apportation              Tloc           0%         N/A       80%         1
 Magic Dart               Conj           0%         1d3       80%         1
 Call Imp                 Summ           0%         N/A       90%         2
 Mephitic Cloud           Conj/Pois/Air  0%         N/A       99%         3
 Alistair's Intoxication  Tmut/Pois      0%         N/A       100%        5


Dungeon Overview and Level Annotations

Branches:
Dungeon (3/15)

Altars:
The Shining One


Innate Abilities, Weirdness & Mutations

You are too large for most types of armour.
You have claws for hands.
Your natural rate of healing is unusually fast.
You are covered in fur. (AC +1)
You have tough skin. (AC +1)


Message History

You claw the orc!
You kill the orc!
The orc wizard casts a spell.
The orc wizard flickers and vanishes for a moment.
You claw the orc priest!
The orc priest is severely wounded.
You block the orc's attack. You block the orc priest's attack.
You closely miss the orc priest.
The orc priest is severely wounded.
The orc hits you from afar with a +0 trident.
The orc priest hits you with a +0 flail.
The orc wizard hits you with a +0 dagger.
You scratch the orc priest but do no damage.
The orc priest is severely wounded.
The orc priest invokes the aid of Beogh against you.
Pain shoots through your body! You block the orc's attack.
The orc wizard closely misses you.
You closely miss the orc priest.
The orc priest is severely wounded.
The orc priest completely misses you. The orc hits you but does no damage.
The orc wizard closely misses you.
The orc wizard hits you with a +0 dagger.
The orc priest hits you with a +0 flail.
You block the orc's attack.
The orc wizard attacks as you move away!
You block the orc wizard's attack.
The orc priest calls down the wrath of Beogh upon you.
Beogh smites you!
You closely miss the orc wizard.
The orc hits you from afar with a +0 trident!
The orc wizard barely misses you.
The orc priest looks satisfied for a moment.
You scratch the orc wizard.
The orc wizard is moderately wounded.
The orc hits you from afar with a +0 trident.
* * * LOW HITPOINT WARNING * * *
The orc wizard hits you but does no damage.
The orc priest invokes the aid of Beogh against you.
Beogh smites you!
You die...

## . ####################
. .........@oo.......# .
#########....####)o......
#
#.......'....'..+.).>....
#
#......##....####....$...
# #......##....#
##.......
###......####### .......
..+......# |....##
.##......# .....#
#######.## .#+###


You could see an orc priest, an orc wizard (invisible) and an orc.

Vanquished Creatures
  Natasha (thrice) (D:2)
  A worm (D:2)
  2 dart slugs
  An orc (D:3)
  3 ball pythons
  7 bats
  3 endoplasms
  3 giant cockroaches
  5 goblins
  A hobgoblin (D:2)
  3 quokkas
  A frilled lizard (D:2)
  4 kobolds
  4 rats
  4 bushes (D:1)
45 creatures vanquished.

Notes
Turn   | Place    | Note
-------+----------+-------------------------------------------
     0 | D:1      | purpskrrrp the Troll Fighter began the quest for the Orb.
     0 | D:1      | Reached XP level 1. HP: 22/22 MP: 0/0
   127 | D:1      | Reached XP level 2. HP: 29/29 MP: 1/1
   955 | D:2      | Reached XP level 3. HP: 36/36 MP: 2/2
   983 | D:2      | Noticed Natasha
   985 | D:2      | Killed Natasha
  1025 | D:2      | Noticed Natasha
  1033 | D:2      | Killed Natasha
  1034 | D:2      | Reached XP level 4. HP: 24/44 MP: 3/3
  1133 | D:2      | Noticed Natasha
  1144 | D:2      | Killed Natasha
  1607 | D:3      | Found a glowing golden altar of the Shining One.
  1657 | D:3      | Killed from afar by an orc priest

Illustrated notes

Levels and vault maps discovered:
D:1:      dpeg_arrival_simpleton_b, layout_loops_cross, minmay_statues_item,
          minmay_hedge_maze
D:2:      layout_loops_cross, chequers_serial_rivers_micro_d, uniq_natasha
D:3:      minmay_spotlight, layout_basic, tso_oasis_becter, serial_curves,
          eino_curves_01, eino_curves_01, minmay_misc_feat_pillars

Skill      XL: |  1  2  3  4 |
---------------+-------------+-----
Shields        | 3 |  3.3
Unarmed Combat | 3 |  3.5
Fighting       | 3 |  3.0
Dodging        | 3 |  3.0

Action                   |  1- 3 |  4- 6 || total
-------------------------+-------+-------++-------
Melee: Unarmed           |   331 |    34 ||   365
  Use: Scroll            |     4 |       ||     4
 Stab: Sleeping          |     1 |       ||     1
Armor: Robe              |    34 |     9 ||    43
Dodge: Dodged            |    43 |    10 ||    53
Block: Kite shield       |    32 |    12 ||    44

Table legend: (Time is in decaauts)
 A = Elapsed time spent in this place.
 B = Non-inter-level travel time spent in this place.
 C = Inter-level travel time spent in this place.
 D = Time resting spent in this place.
 E = Time spent auto-exploring this place.
 F = Levels seen in this place.
 G = Mean time per level.
                   A        B        C        D        E       F      G
               +--------+--------+--------+--------+--------+-----+--------+
         Total |   1691 |   1639 |     52 |     19 |   1045 |   3 |  563.7 |
       Dungeon |   1691 |   1639 |     52 |     19 |   1045 |   3 |  563.7 |
               +--------+--------+--------+--------+--------+-----+--------+

Top non-repeatable levels by time:
     D:1: 976 daAuts
     D:2: 618 daAuts
     D:3: 97 daAuts
